 Dungeon Crawl Stone Soup version 0.22.1-1-ga44c0e5 (webtiles) character file.

196 Fang the Chopper (level 5, -9/49 HPs)
             Began as a Gargoyle Berserker on Sept 25, 2018.
             Was a Priest of Trog.
             Killed by divine providence
             ... invoked by an orc priest
              (13 damage)
             ... on level 3 of the Dungeon.
             The game lasted 00:02:05 (2495 turns).

Fang the Chopper (Gargoyle Berserker)               Turns: 2495, Time: 00:02:06

Health: -9/49      AC:  6    Str: 26    XL:     5   Next: 75%
Magic:  5/5        EV: 12    Int:  8    God:    Trog [***...]
Gold:   96         SH:  0    Dex:  9    Spells: 4/4 levels left

rFire    . . .     SeeInvis .   a - +0 hand axe
rCold    . . .     Gourm    .   (no shield)
rNeg     + . .     Faith    .   b - +0 animal skin
rPois    ∞         Spirit   .   (no helmet)
rElec    +         Reflect  .   (no cloak)
rCorr    .         Harm     .   (no gloves)
MR       .....                  (no boots)
Stlth    ..........             (no amulet)
HPRegen  0.16/turn              (no ring)
MPRegen  0.09/turn              (no ring)

@: berserking, very quick
A: negative energy resistance 1, electricity resistance, unbreathing,
petrification resistance, rot immunity, AC +4
a: Berserk, Trog's Hand, Renounce Religion


You were on level 3 of the Dungeon.
You worshipped Trog.
Trog was most pleased with you.
You were very hungry.

You visited 1 branch of the dungeon, and saw 3 of its levels.

You collected 96 gold pieces.

Inventory:

Hand Weapons
 a - a +0 hand axe (weapon)
Armour
 b - a +0 animal skin (worn)
Wands
 j - a wand of flame (16)
Scrolls
 d - 2 scrolls of teleportation {unknown}
 f - a scroll of remove curse {unknown}
 h - a scroll of fog {unknown}
 k - a scroll of identify {unknown}
 l - a scroll of blinking {unknown}
Potions
 e - 3 potions of curing {unknown}
 g - a potion of heal wounds {unknown}
 i - 2 potions of haste {unknown}
Comestibles
 c - 5 rations
 m - a chunk of flesh


   Skills:
 + Level 4.2 Fighting
 + Level 4.4 Axes
 + Level 2.3 Armour
 + Level 2.6 Dodging
 + Level 0.4 Stealth


You had 4 spell levels left.
You didn't know any spells.
Your spell library was empty.

Dungeon Overview and Level Annotations

Branches:
Dungeon (3/15)

Altars:
Gozag


Innate Abilities, Weirdness & Mutations

You are resistant to torment.
Your stone body is resilient. (AC +4)
You are immune to poison.
You resist negative energy. (rN+)
You are resistant to electric shocks. (rElec)
You can survive without breathing.
You are immune to petrification.
You are immune to rotting.


Message History

Beogh smites you!
* * * LOW HITPOINT WARNING * * *
You see here a tomahawk.
An orc comes into view. It is wielding a falchion.
You see here a tomahawk.
You hit the orc.
The orc is heavily wounded.
The orc hits you with a hand axe.
* * * LOW HITPOINT WARNING * * *
An orc priest comes into view. It is wielding a short sword.
A red film seems to cover your vision as you go berserk!
You feel yourself moving faster!
You feel mighty!
You are feeling very hungry.
The orc hits you but does no damage.
You slash the orc!
You kill the orc!
Trog accepts your kill.
The orc priest calls down the wrath of Beogh upon you.
Beogh smites you!
You die...

#.#####.####. ##
#.# #. ..# #. ####
## ..###
..oo..#############
#### #o)@(........#
#...
.$...o.##########.#
#... #.###.. #.#
#.## #.. #.# ##.##
#.. ######.###..†#
#.. #..........#.#.
#.. #.#####.#......
#.. #.##.#.#.
#.###....


You could see 2 orc priests and 2 orcs.

Vanquished Creatures
  2 orc wizards (D:2)
  7 adders
  3 leopard geckos (D:1)
  3 orcs
  7 bats
  5 giant cockroaches
  14 goblins
  7 hobgoblins
  2 jackals (D:1)
  10 kobolds
  A quokka (D:3)
  A ball python (D:3)
  3 frilled lizards
  A rat (D:1)
66 creatures vanquished.

Notes
Turn   | Place    | Note
-------+----------+-------------------------------------------
     0 | D:1      | Fang the Gargoyle Berserker began the quest for the Orb.
     0 | D:1      | Reached XP level 1. HP: 14/14 MP: 1/1
    46 | D:1      | Reached XP level 2. HP: 5/19 MP: 2/2
   818 | D:1      | Reached XP level 3. HP: 24/24 MP: 3/3
   927 | D:1      | Reached ** piety under Trog
  1383 | D:2      | Reached XP level 4. HP: 26/29 MP: 4/4
  1595 | D:2      | Reached XP level 5. HP: 10/33 MP: 5/5
  1834 | D:2      | Found an opulent altar of Gozag.
  2377 | D:3      | Reached *** piety under Trog
  2495 | D:3      | Killed from afar by an orc priest

Skill      XL: |  1  2  3  4 |
---------------+-------------+-----
Axes           | 3 4 |  4.4
Dodging        | 2 |  2.6
Fighting       | 4 |  4.2
Armour         | |  2.3
Stealth        | |  0.4

Action                   |  1- 3 |  4- 6 || total
-------------------------+-------+-------++-------
Melee: Hand axe          |   146 |   101 ||   247
Invok: Berserk           |       |     2 ||     2
  Eat: Chunk             |     1 |     5 ||     6
Armor: Animal skin       |    65 |    36 ||   101
Dodge: Dodged            |   114 |    89 ||   203
